 Dungeon Crawl Stone Soup version 0.26-a0-6-g448add79b7 (webtiles) character file.

Game seed: 3091927678845963077, levelgen mode: deterministic

122 Essalna the Firebug (level 5, 0/38 HPs)
             Began as a Hill Orc Fire Elementalist on May 24, 2020.
             Slain by a gnoll
             ... wielding a +0 spear
              (5 damage)
             ... on level 3 of the Dungeon.
             The game lasted 00:05:25 (3216 turns).

Essalna the Firebug (Hill Orc Fire Elementalist)    Turns: 3216, Time: 00:05:26

Health: 0/38       AC:  2    Str: 11    XL:     5   Next: 6%
Magic:  0/8        EV: 12    Int: 16    God:
Gold:   76         SH:  0    Dex: 11    Spells: 8/9 levels left

rFire    . . .     SeeInvis .   e - +0 dagger
rCold    . . .     Gourm    .   (no shield)
rNeg     . . .     Faith    .   a - +0 robe
rPois    .         Spirit   .   (no helmet)
rElec    .         Reflect  .   (no cloak)
rCorr    .         Harm     .   (no gloves)
MR       .....     Rnd*Tele +   (no boots)
Stlth    ++........             (no amulet)
HPRegen  0.12/turn              h - ring of teleportation (curse)
MPRegen  0.11/turn              (no ring)

@: no status effects
A: no striking features
a: no special abilities


You were on level 3 of the Dungeon.
You were not hungry.

You visited 1 branch of the dungeon, and saw 3 of its levels.

You collected 76 gold pieces.

Inventory:

Hand Weapons
 e - a +0 dagger (weapon)
Armour
 a - a +0 robe (worn)
Jewellery
 h - a cursed ring of teleportation (left hand)
Scrolls
 f - 2 scrolls of teleportation {unknown}
 g - 6 scrolls of identify {unknown}
 i - a scroll of amnesia {unknown}
 j - a scroll of fog {unknown}
 p - a scroll of blinking {unknown}
 q - a scroll of enchant armour {unknown}
 r - a scroll of magic mapping {unknown}
Potions
 b - 2 potions of might {unknown}
 d - 2 potions of stabbing {unknown}
 l - a potion of flight {unknown}
 m - a potion of degeneration {unknown}
 n - 2 potions of heal wounds {unknown}
 o - a potion of curing {unknown}
Comestibles
 c - 10 rations
 k - a chunk of flesh


   Skills:
 - Level 1.5 Dodging
 - Level 1.5 Stealth
 + Level 2.5 Spellcasting
 + Level 2.7 Conjurations
 + Level 4.4 Fire Magic


You had 8 spell levels left.
You knew the following spells:

 Your Spells              Type           Power        Failure   Level  Hunger
a - Foxfire               Conj/Fire      ##..         4%          1    #......

Your spell library contained the following spells:

 Spells                   Type           Power        Failure   Level  Hunger
 Conjure Flame            Conj/Fire      ##......     14%         3    ###....
 Inner Flame              Hex/Fire       #.......     24%         3    ###....
 Sticky Flame             Conj/Fire      ##......     41%         4    #####..
 Fireball                 Conj/Fire      ##........   77%         5    ######.


Dungeon Overview and Level Annotations

Branches:
Dungeon (3/15)

Altars:


Message History

The gnoll is heavily wounded.
The gnoll hits you from afar with a +0 spear.
The gnoll hits you but does no damage.
You hit the gnoll but do no damage.
The gnoll is heavily wounded.
The gnoll closely misses you.
The gnoll hits you with a cursed -3 club.
You hit the gnoll.
The gnoll is severely wounded.
The gnoll hits you from afar with a +0 spear!
* * * LOW HITPOINT WARNING * * *
The gnoll closely misses you.
You barely miss the gnoll.
The gnoll is severely wounded.
The gnoll closely misses you.
You barely miss the gnoll.
The gnoll is severely wounded.
The gnoll barely misses you.
The gnoll hits you from afar with a +0 spear.
You die...

######
#..g.#
#@##.#
#g#
........#
######.)#
#.# #†.#
#.# ..)#
#.# #....
#.# #..##
#>### #..


You could see 2 gnolls.

Vanquished Creatures
  3 adders
  A gnoll (D:3)
  2 oozes (D:3)
  2 worms
  3 dart slugs
  2 leopard geckos
  A ball python (D:1)
  3 giant cockroaches
  9 goblins
  6 hobgoblins
  5 jackals (D:3)
  4 kobolds
  4 quokkas
  8 bats
  5 frilled lizards
  3 rats
61 creatures vanquished.

Vanquished Creatures (collateral kills)
  A rat (D:3)
1 creature vanquished.

Vanquished Creatures (others)
  209 foxfires
209 creatures vanquished.

Grand Total: 271 creatures vanquished

Notes
Turn   | Place    | Note
-------+----------+-------------------------------------------
     0 | D:1      | Essalna the Hill Orc Fire Elementalist began the quest for
                  | the Orb.
     0 | D:1      | Reached XP level 1. HP: 14/14 MP: 3/3
   356 | D:1      | Reached XP level 2. HP: 20/20 MP: 1/4
  1044 | D:1      | Reached XP level 3. HP: 26/26 MP: 1/5
  1615 | D:2      | Reached skill level 4 in Fire Magic
  1810 | D:2      | Reached XP level 4. HP: 32/33 MP: 7/7
  2299 | D:3      | HP: 1/33 [worm (3)]
  3133 | D:3      | Reached XP level 5. HP: 26/38 MP: 0/8
  3216 | D:3      | Slain by a gnoll

Illustrated notes

Levels and vault maps discovered:
D:1:      minmay_arrival_cross, layout_loops_cross
D:2:      layout_basic
D:3:      layout_loops_ring, kennysheep_generic_room_14

Skill      XL: |  1  2  3 |
---------------+----------+-----
Spellcasting   | 2 |  2.5
Conjurations   | 2 |  2.7
Fire Magic     | 4 |  4.4
Dodging        | |  1.5
Stealth        | |  1.5

Action                   |  1- 3 |  4- 6 || total
-------------------------+-------+-------++-------
Melee: Unarmed           |     4 |       ||     4
       Dagger            |    26 |    44 ||    70
 Cast: Foxfire           |    77 |    92 ||   169
  Eat: Chunk             |     4 |     6 ||    10
Armor: Robe              |     4 |     3 ||     7
Dodge: Dodged            |    28 |    30 ||    58

Table legend:
 A = Non-vault XP
 B = Vault XP
 C = Vault XP percentage of total XP
 D = Non-vault monster count
 E = Vault monster count
 F = Vault count percentage of total count
                 A         B        C        D         E       F
            +---------+---------+-------+---------+---------+-------
      Total |     175 |       0 |   0.0 |      62 |       0 |   0.0
            +---------+---------+-------+---------+---------+-------
        D:1 |      41 |       0 |   0.0 |      24 |       0 |   0.0
        D:2 |      59 |       0 |   0.0 |      17 |       0 |   0.0
        D:3 |      75 |       0 |   0.0 |      21 |       0 |   0.0
            +---------+---------+-------+---------+---------+-------
